 Dungeon Crawl Stone Soup version 0.24-a0-373-g39439d866b (webtiles) character file.

Game seed: 16246614153800679559

4456 MrOobling the Fighter (level 10, -6/82 HPs)
             Began as a Demonspawn Berserker on May 30, 2019.
             Was an Elder of Trog.
             Mangled by a troll (15 damage)
             ... on level 9 of the Dungeon.
             The game lasted 00:43:34 (11324 turns).

MrOobling the Fighter (Demonspawn Berserker)       Turns: 11324, Time: 00:43:34

Health: -6/82      AC:  1    Str: 19    XL:     10   Next: 15%
Magic:  0/10       EV:  8    Int:  8    God:    Trog [****..]
Gold:   463        SH:  0    Dex: 15    Spells: 9/9 levels left

rFire    . . .     SeeInvis .   b - +1 hand axe (venom)
rCold    . . .     Gourm    .   (no shield)
rNeg     . . .     Faith    .   i - +1 plate armour
rPois    .         Spirit   +   (helmet restricted)
rElec    .         Reflect  .   (no cloak)
rCorr    .         Harm     .   u - +0 pair of gloves
MR       .....                  D - +0 pair of boots
Stlth    ..........             (no amulet)
HPRegen  0.23/turn              (no ring)
MPRegen  0.24/turn              (no ring)

@: corroded
A: horns 1, rugged brown scales 1, nightstalker 1, magic shield, magic
regeneration
a: Berserk, Trog's Hand, Brothers in Arms, Renounce Religion


You were on level 9 of the Dungeon.
You worshipped Trog.
Trog was greatly pleased with you.
You were not hungry.

You visited 2 branches of the dungeon, and saw 10 of its levels.

You collected 463 gold pieces.

Inventory:

Hand Weapons
 a - a +0 hand axe
 b - a +1 hand axe of venom (weapon)
 K - a +0 battleaxe
Missiles
 A - 7 boomerangs (quivered)
Armour
 i - a +1 plate armour (worn)
 s - a +0 large shield
 u - a +0 pair of gloves (worn)
 D - a +0 pair of boots (worn)
Jewellery
 n - an uncursed amulet of the acrobat {unknown}
 v - a +4 amulet of reflection {unknown}
 z - an uncursed ring of resist corrosion {unknown}
Wands
 y - a wand of acid (9)
 C - a wand of iceblast (17)
 I - a wand of scattershot (4)
Scrolls
 e - a scroll of enchant weapon
 f - 5 scrolls of remove curse
 g - 13 scrolls of identify
 l - 3 scrolls of teleportation
 m - 2 scrolls of amnesia
 w - 2 scrolls of enchant armour
 B - a scroll of magic mapping {unknown}
 F - 2 scrolls of blinking
 L - a scroll of fog
Potions
 d - a potion of might {unknown}
 h - 2 potions of brilliance {unknown}
 j - a potion of berserk rage {unknown}
 k - 2 potions of degeneration {unknown}
 o - a potion of agility {unknown}
 r - 4 potions of curing {unknown}
 t - 4 potions of lignification {unknown}
 x - a potion of cancellation {unknown}
 E - 4 potions of flight {unknown}
 G - a potion of invisibility {unknown}
 H - a potion of magic {unknown}
 J - 2 potions of mutation {unknown}
Comestibles
 c - 22 rations
 q - 6 chunks of flesh


   Skills:
 + Level 8.1 Fighting
 + Level 7.4 Axes
 + Level 7.1 Armour
 + Level 5.5 Dodging
 - Level 2.0 Stealth
 - Level 2.8 Shields


You had 9 spell levels left.
You didn't know any spells.
Your spell library was empty.

Dungeon Overview and Level Annotations

Branches:
Dungeon (9/15)             Temple (1/1) D:6
   Lair: D:8-11         Orc: D:9-12

Altars:
Ashenzari
Cheibriados
Dithmenos
Elyvilon
Fedhas
Gozag
Hepliaklqana
Kikubaaqudgha
Makhleb
Nemelex Xobeh
Okawaru
Qazlal
Ru
Sif Muna
Trog
Uskayaw
Vehumet
Wu Jian
Xom
Yredelemnul
Zin
The Shining One

Shops:
D:4 (

Annotations:
D:9 Gastronok, Maurice


Innate Abilities, Weirdness & Mutations

You have a pair of small horns on your head.
You are partially covered in rugged brown scales. (AC +1, +3% HP)
You are slightly more attuned to the shadows.
When hurt, damage is shared between your health and your magic reserves.
You regenerate magic rapidly.


Message History

The troll barely misses you. The troll claws you! x2
Your plate armour prevents you from hitting the troll.
The troll is moderately wounded.
The troll bites you!
* * * LOW HITPOINT WARNING * * *
The troll claws you.
* * * LOW HITPOINT WARNING * * *
The troll claws you.
* * * LOW HITPOINT WARNING * * *
Your plate armour prevents you from hitting the troll.
The troll is moderately wounded.
Maurice the Thief comes into view.
He is wielding a +0 dagger and carrying a wand of scattershot (5).
The troll barely misses you. x2; The troll claws you.
* * * LOW HITPOINT WARNING * * *
You feel much better. The troll bites you!
* * * LOW HITPOINT WARNING * * *
The troll claws you!
* * * LOW HITPOINT WARNING * * *
The troll claws you!
You die...

#.. #.#.# #.#.# #.#.# #.#.# #
#.#.# .# ########.#.# .#
#.......[#.###.#
.######........#@##..# .#
......#......≈.#T##..#..# #..#.#.
......#......≈..F....#..# #..#.#.
......#........#@##..#..# #......
#.....#........#...(....# #..#.#.
#..................J.#..###%.#.#.
#.....#####.######............F..
.....................(K.......((.
######..###.####............≈(...


You could see Maurice, a troll and a bullfrog.

Vanquished Creatures
  A two-headed ogre (D:8)
  Grinder (D:3)
  Menkaure (D:6)
  A sky beast (D:7)
  3 black bears (D:8)
  An orc warrior (D:8)
  3 ice beasts
  6 ogres
  A necrophage (D:7)
  A phantom (D:5)
  3 centaurs
  3 big kobolds
  A wyvern zombie (D:7)
  A scorpion (D:6)
  A water moccasin skeleton (D:5)
  9 wights
  A jelly (D:9)
  2 howler monkeys
  A bullfrog zombie (D:7)
  2 crimson imps
  A quasit (D:8)
  A bullfrog skeleton (D:7)
  Crazy Yiuf (D:7)
  2 centaur zombies (D:7)
  3 hounds (D:6)
  6 orc wizards
  7 worker ants
  An iguana (D:8)
  A hound zombie (D:7)
  A mummy (D:7)
  8 adders
  4 shadow imps
  2 oozes
  4 worms
  2 adder skeletons
  3 dart slugs (D:2)
  3 leopard geckos
  19 orcs
  A ball python (D:3)
  9 giant cockroaches
  9 goblins
  7 hobgoblins
  9 jackals
  6 quokkas
  9 bats
  3 frilled lizards
  A jackal skeleton (D:7)
  A jackal zombie (D:7)
  28 kobolds
  A quokka skeleton (D:5)
  14 rats
210 creatures vanquished.

Vanquished Creatures (others)
  2 plants (D:8)
2 creatures vanquished.

Grand Total: 212 creatures vanquished

Notes
Turn   | Place    | Note
-------+----------+-------------------------------------------
     0 | D:1      | MrOobling the Demonspawn Berserker began the quest for the
                  | Orb.
     0 | D:1      | Reached XP level 1. HP: 18/18 MP: 1/1
   163 | D:1      | Gained mutation: You have a pair of small horns on your
                  | head. [demonic ancestry]
   163 | D:1      | Reached XP level 2. HP: 7/24 MP: 2/2
   500 | D:1      | HP: 1/24 [kobold (4)]
  1272 | D:2      | Reached XP level 3. HP: 29/29 MP: 3/3
  1385 | D:2      | Reached ** piety under Trog
  1971 | D:2      | Reached XP level 4. HP: 37/37 MP: 4/4
  2841 | D:3      | Noticed Grinder
  2859 | D:3      | Paralysed by Grinder for 6 turns
  2868 | D:3      | Paralysed by Grinder for 3 turns
  2886 | D:3      | Paralysed by Grinder for 2 turns
  2891 | D:3      | Killed Grinder
  2891 | D:3      | Reached skill level 4 in Fighting
  2891 | D:3      | Gained mutation: You are slightly more attuned to the
                  | shadows. [demonic ancestry]
  2891 | D:3      | Reached XP level 5. HP: 5/43 MP: 5/5
  2891 | D:3      | Gained mutation: When hurt, damage is shared between your
                  | health and your magic reserves. [demonic ancestry]
  2891 | D:3      | Reached XP level 6. HP: 6/49 MP: 6/6
  3286 | D:3      | Reached *** piety under Trog
  4312 | D:4      | Found Ifuoha Piorph's Weapon Emporium.
  4343 | D:4      | Reached skill level 5 in Fighting
  4694 | D:5      | Entered Level 5 of the Dungeon
  4764 | D:5      | Noticed a sky beast
  5063 | D:5      | Reached XP level 7. HP: 56/56 MP: 7/7
  5492 | D:5      | Reached skill level 5 in Axes
  5978 | D:6      | Reached skill level 1 in Shields
  6197 | D:6      | Gained mutation: You regenerate magic rapidly. [demonic
                  | ancestry]
  6197 | D:6      | Reached XP level 8. HP: 58/64 MP: 8/8
  6523 | D:6      | Reached skill level 5 in Armour
  6568 | D:6      | Found a staircase to the Ecumenical Temple.
  6576 | Temple   | Entered the Ecumenical Temple
  6693 | D:6      | Reached skill level 6 in Fighting
  6702 | D:6      | Noticed Menkaure
  6909 | D:6      | Reached **** piety under Trog
  8012 | D:6      | Reached skill level 1 in Stealth
  8026 | D:6      | Killed Menkaure
  8391 | D:7      | Reached XP level 9. HP: 70/71 MP: 9/9
  8614 | D:7      | Found a runed translucent door.
  8615 | D:7      | Noticed Crazy Yiuf
  9201 | D:7      | Reached skill level 7 in Fighting
  9667 | D:7      | Killed Crazy Yiuf
  9721 | D:8      | Noticed a two-headed ogre
 10131 | D:8      | Found a bloodstained altar of Trog.
 10577 | D:8      | Reached skill level 5 in Dodging
 10761 | D:8      | Found a blossoming altar of Fedhas.
 10885 | D:9      | Noticed a troll
 10890 | D:9      | Noticed Gastronok
 11026 | D:8      | Killed a two-headed ogre
 11026 | D:8      | Reached skill level 8 in Fighting
 11026 | D:8      | Gained mutation: You are partially covered in rugged brown
                  | scales. (AC +1, +3% HP) [demonic ancestry]
 11026 | D:8      | Reached XP level 10. HP: 70/79 MP: 6/10
 11322 | D:9      | HP: 4/82 [troll (6)]
 11323 | D:9      | Noticed Maurice
 11324 | D:9      | Mangled by a troll

Levels and vault maps discovered:
D:1:      dpeg_arrival_prison, layout_rooms, st_stairs_9
D:2:      layout_basic
D:3:      layout_basic, kennysheep_nondescript,
          wander_ebering_terrifying_dragon_lair, uniq_grinder
D:4:      layout_cave_pools, serial_shops,
          nicolae_shop_temple_entry_statues_fountains, solitary_fountain,
          hangedman_decor_growths, minmay_misc_feat_cross,
          kennysheep_generic_room_6
D:5:      layout_basic, first_ration
D:6:      layout_basic, minmay_temple_entry_large_hall, hangedman_decor_points,
          grunt_ministairs_3, uniq_menkaure
D:7:      layout_basic, serial_undead, serial_undead_a, serial_undead_f,
          serial_undead_a, serial_undead_e, serial_undead_d,
          uniq_crazy_yiuf_cottage
D:8:      layout_basic, trog_ov_bears_minmay, fedhas_altar_decomposition
D:9:      layout_basic, orc_0_dummy, serial_shops, shop, uniq_maurice,
          uniq_pikel, uniq_gastronok
Temple:   grunt_wide_crystal_templ

Skill      XL: |  1  2  3  4  5  6  7  8  9 |
---------------+----------------------------+-----
Armour         | 2 3 4 5 7 |  7.1
Axes           | 3 4 5 6 7 |  7.4
Fighting       | 4 5 6 8 |  8.1
Dodging        | 2 3 5 |  5.5
Shields        | 1 2 |  2.8
Stealth        | 1 2 |  2.0

Action                   |  1- 3 |  4- 6 |  7- 9 | 10-12 || total
-------------------------+-------+-------+-------+-------++-------
Melee: Hand axe          |   135 |   168 |   488 |    59 ||   850
       Headbutt          |    20 |    32 |   142 |    16 ||   210
Invok: Berserk           |       |       |     4 |       ||     4
       Trog's Hand       |       |       |     1 |     1 ||     2
  Use: Scroll            |       |     9 |     1 |       ||    10
       Potion            |       |       |     1 |     2 ||     3
  Eat: Chunk             |     3 |     9 |    16 |       ||    28
       Ration            |       |       |     2 |     1 ||     3
Armor: Animal skin       |     6 |       |       |       ||     6
       Plate armour      |    51 |   108 |   308 |    11 ||   478
Dodge: Dodged            |    69 |    50 |   152 |    26 ||   297

Table legend:
 A = Non-vault XP
 B = Vault XP
 C = Vault XP percentage of total XP
 D = Non-vault monster count
 E = Vault monster count
 F = Vault count percentage of total count
                 A         B        C        D         E       F
            +---------+---------+-------+---------+---------+-------
      Total |    4758 |    1609 |  25.3 |     184 |      26 |  12.4
            +---------+---------+-------+---------+---------+-------
        D:1 |      28 |       7 |  20.0 |      17 |       6 |  26.1
        D:2 |      74 |       0 |   0.0 |      32 |       0 |   0.0
        D:3 |     123 |     265 |  68.3 |      37 |       2 |   5.1
        D:4 |     151 |      37 |  19.7 |       9 |       1 |  10.0
        D:5 |     572 |     116 |  16.9 |      17 |       1 |   5.6
        D:6 |    1072 |     288 |  21.2 |      27 |       2 |   6.9
        D:7 |     612 |     629 |  50.7 |      14 |      12 |  46.2
        D:8 |    1554 |     267 |  14.7 |      20 |       2 |   9.1
        D:9 |     572 |       0 |   0.0 |      11 |       0 |   0.0
            +---------+---------+-------+---------+---------+-------
